 Dungeon Sprint DCSS version 0.21-a0-349-g0c35859 (webtiles) character file.

4788 KristoblXynda the Carver (level 10, -6/72 HPs)
             Began as a Naga Skald on Oct 8, 2017.
             Was the Champion of Cheibriados.
             Mangled by a blink frog (13 damage)
             ... in the Dungeon (Sprint IX: "|||||||||||||||||||||||||||||").
             The game lasted 00:07:11 (1390 turns).

KristoblXynda the Carver (Naga Skald)               Turns: 1390, Time: 00:07:11

Health: -6/72      AC: 12    Str: 31    XL:     10   Next: 47%
Magic:  16/16      EV: 20    Int: 30    God:    Cheibriados [******]
Gold:   0          SH:  0    Dex: 25    Spells: 5/13 levels left

rFire    . . .     SeeInvis +   o - +4 scimitar (holy)
rCold    . . .     Gourm    .   (no shield)
rNeg     . . .     Faith    .   b - +0 leather armour
rPois    +         Spirit   .   q - +0 helmet
rElec    .         Reflect  .   (no cloak)
rCorr    .         Harm     .   p - +0 pair of gloves
MR       +....     NoTele   +   (no barding)
Stlth    ++........             (no amulet)
HPRegen  0.22/turn              t - +2 ring of protection
MPRegen  0.15/turn              s - +2 ring of evasion

@: lethally poisoned (-6 -> -8), short of breath, very slow
A: stinger 1, iridescent scales 1, see invisible, deformed body, deterioration
1, frail 1, poison resistance, slowness 2, slow metabolism 1, spit poison 1, AC
+3
a: Spit Poison, Bend Time, Temporal Distortion, Slouch, Step From Time, Renounce
Religion


You were in the Dungeon.
You worshipped Cheibriados.
Cheibriados was exalted by your worship.
You were not hungry.

You visited 1 branch

Inventory:

Hand Weapons
 o - a +4 scimitar of holy wrath (weapon)
Armour
 b - a +0 leather armour (worn)
 p - a +0 pair of gloves (worn)
 q - a +0 helmet (worn)
 r - a +1 chain mail
Jewellery
 s - a +2 ring of evasion (right hand)
 t - a +2 ring of protection (left hand)
Wands
 n - a wand of lightning (0/15)
Scrolls
 g - 2 scrolls of fear
 j - 2 scrolls of blinking
 l - 3 scrolls of remove curse
 m - 2 scrolls of amnesia
 u - a scroll of identify
 v - 2 scrolls of recharging
Potions
 a - 2 potions of brilliance
 e - 6 potions of curing
 h - 4 potions of magic
Books
 c - a book of Battle

   Spells                             Type                      Level
   a - Infusion                       Charms                       1
   b - Shroud of Golubria             Charms/Translocation         2
   c - Song of Slaying                Charms                       2
   d - Spectral Weapon                Hexes/Charms                 3
   e - Regeneration                   Charms/Necromancy            3
Comestibles
 d - a bread ration


   Skills:
 - Level 2.0 Fighting
 + Level 13.2 Long Blades
 + Level 9.2 Armour
 - Level 9.3 Dodging
 - Level 2.0 Spellcasting
 + Level 11.6 Charms
 + Level 8.7 Invocations


You had 5 spell levels left.
You knew the following spells:

 Your Spells              Type           Power        Failure   Level  Hunger
a - Infusion              Chrm           ####         1%          1    None
b - Song of Slaying       Chrm           ######..     1%          2    ##.....
c - Regeneration          Chrm/Necr      #####.....   2%          3    ###....
d - Shroud of Golubria    Chrm/Tloc      #####.....   1%          2    ##.....


Dungeon Overview and Level Annotations

Branches:
Dungeon (1/1)

Altars:
Cheibriados
Dithmenos
Elyvilon
Fedhas
Gozag
Hepliaklqana
Kikubaaqudgha
Makhleb
Nemelex Xobeh
Okawaru
Qazlal
Ru
Sif Muna
Trog
Uskayaw
Vehumet
Wu Jian
Xom
Yredelemnul
Zin
The Shining One
Beogh
Jiyva
Lugonu


Innate Abilities, Weirdness & Mutations

You cannot wear boots.
Your serpentine skin is tough. (AC +3)
You have supernaturally acute eyesight. (SInv)
Armour fits poorly on your strangely shaped body.
Your system is resistant to poisons. (rPois)
You cover ground very slowly.
You have a slow metabolism.
You can spit poison.
Your tail ends in a poisonous barb.
You are partially covered in iridescent scales. (AC +2)
Your body sometimes deteriorates upon taking damage.
You are frail. (-10% HP)


Message History

You barely miss the porcupine. You tail-slap the porcupine.
The porcupine is poisoned.
The porcupine is almost dead.
You feel sick. The porcupine misses you.
You riposte.
You barely miss the porcupine.
The porcupine is almost dead.
You closely miss the porcupine.
The porcupine is almost dead.
You kill the porcupine!
Cheibriados thoroughly appreciates the change of pace.
Press: ? - help, Shift-Dir - straight line, f - blink frog
Aim: a blink frog The splash of poison hits the blink frog.
The blink frog is lightly wounded.
You feel slightly more hungry.
You feel sick.
The blink frog blinks!
A blink frog is nearby!
Okay, then.
Unknown command.
The blink frog blinks!
The blink frog hits you!
You die...

▓_▓.▓.▓
▓_▓.▓.▓
▓_▓.▓.▓
▓_▓.▓.▓
▓_▓.▓.▓
▓_▓.▓†▓
▓_▓.▓†▓
▓_▓.▓†▓
▓_▓.▓@▓
▓_▓.▓F▓
▓_▓.▓.▓
▓_▓.▓.▓
▓_▓.▓§▓
▓_▓.▓.▓
▓_▓.▓.▓
▓_▓.▓§▓
▓_▓.▓'▓


You could see a blink frog.

Vanquished Creatures
  A hydra (D)
  A two-headed ogre (D)
  An elephant (D)
  3 spiny frogs (D)
  A rime drake (D)
  A blink frog (D)
  2 hippogriffs (D)
  A yak (D)
  2 wyverns (D)
  A basilisk (D)
  A water moccasin (D)
  3 porcupines (D)
  A sky beast (D)
  2 crocodiles (D)
  3 bullfrogs (D)
  A crimson imp (D)
  A quasit (D)
  An orc wizard (D)
  2 adder skeletons (D)
  A worm (D)
  A dart slug (D)
  A leopard gecko (D)
  An orc (D)
  A goblin (D)
  A ball python skeleton (D)
  2 frilled lizards (D)
  A kobold (D)
  A quokka skeleton (D)
39 creatures vanquished.

Notes
Turn   | Place    | Note
-------+----------+-------------------------------------------
     0 | D        | KristoblXynda the Naga Skald began the quest for the Orb.
     0 | D        | Reached XP level 1. HP: 19/19 MP: 3/3
    13 | D        | Reached XP level 2. HP: 19/26 MP: 5/5
    14 | D        | Reached skill level 3 in Long Blades
   278 | D        | Found a roughly hewn altar of Beogh.
   278 | D        | Found a snail-covered altar of Cheibriados.
   278 | D        | Found a shadowy altar of Dithmenos.
   278 | D        | Found a white marble altar of Elyvilon.
   278 | D        | Found a blossoming altar of Fedhas.
   278 | D        | Found an opulent altar of Gozag.
   279 | D        | Found a hazy altar of Hepliaklqana.
   280 | D        | Found a viscous altar of Jiyva.
   281 | D        | Found an ancient bone altar of Kikubaaqudgha.
   282 | D        | Found a corrupted altar of Lugonu.
   283 | D        | Found a burning altar of Makhleb.
   284 | D        | Found a sparkling altar of Nemelex Xobeh.
   285 | D        | Found an iron altar of Okawaru.
   286 | D        | Found a stormy altar of Qazlal.
   287 | D        | Found a sacrificial altar of Ru.
   288 | D        | Found a deep blue altar of Sif Muna.
   289 | D        | Found a bloodstained altar of Trog.
   290 | D        | Found a hide-covered altar of Uskayaw.
   291 | D        | Found a radiant altar of Vehumet.
   292 | D        | Found an ornate altar of the Wu Jian Council.
   293 | D        | Found a shimmering altar of Xom.
   294 | D        | Found a basalt altar of Yredelemnul.
   295 | D        | Found a glowing silver altar of Zin.
   296 | D        | Found a glowing golden altar of the Shining One.
   374 | D        | Became a worshipper of Cheibriados the Contemplative
   407 | D        | Noticed a bullfrog
   407 | D        | Noticed a wyvern
   407 | D        | Noticed a crocodile
   407 | D        | Noticed a crimson imp
   411 | D        | Killed a crimson imp
   411 | D        | Reached skill level 4 in Long Blades
   411 | D        | Reached skill level 5 in Charms
   411 | D        | Reached XP level 3. HP: 30/32 MP: 6/6
   415 | D        | Reached * piety under Cheibriados
   418 | D        | Reached skill level 5 in Long Blades
   418 | D        | Reached XP level 4. HP: 28/39 MP: 7/7
   427 | D        | Killed a crocodile
   427 | D        | Reached ** piety under Cheibriados
   427 | D        | Reached skill level 6 in Long Blades
   427 | D        | Reached skill level 5 in Dodging
   427 | D        | Reached XP level 5. HP: 15/45 MP: 8/8
   427 | D        | HP: 2/45 [wyvern (14)]
   429 | D        | Killed a wyvern
   429 | D        | Reached skill level 7 in Long Blades
   429 | D        | Reached XP level 6. HP: 2/52 MP: 9/9
   436 | D        | Reached *** piety under Cheibriados
   436 | D        | Reached skill level 8 in Long Blades
   666 | D        | Learned a level 2 spell: Song of Slaying
   670 | D        | Learned a level 3 spell: Regeneration
   673 | D        | Learned a level 2 spell: Shroud of Golubria
   678 | D        | Noticed a yak
   678 | D        | Noticed a two-headed ogre
   678 | D        | Noticed a sky beast
   678 | D        | Noticed a wyvern
   682 | D        | Killed a wyvern
   682 | D        | Reached skill level 9 in Long Blades
   682 | D        | Reached XP level 7. HP: 60/60 MP: 10/10
   694 | D        | Reached **** piety under Cheibriados
   699 | D        | Killed a two-headed ogre
   699 | D        | Reached skill level 10 in Long Blades
   699 | D        | Reached skill level 5 in Armour
   699 | D        | Reached XP level 8. HP: 32/67 MP: 9/11
   703 | D        | Killed a yak
   703 | D        | Reached skill level 11 in Long Blades
   711 | D        | Gained mutation: Your tail ends in a poisonous barb. [mutagenic meat]
   712 | D        | Gained mutation: You are frail. (-10% HP) [mutagenic meat]
   713 | D        | Gained mutation: You are partially covered in iridescent scales. (AC +2) [mutagenic meat]
   715 | D        | Gained mutation: Your body sometimes deteriorates upon taking damage. [mutagenic meat]
  1141 | D        | Noticed a hippogriff
  1141 | D        | Noticed a five-headed hydra
  1141 | D        | Noticed a spiny frog
  1144 | D        | Reached skill level 1 in Invocations
  1148 | D        | Noticed a blink frog
  1149 | D        | Noticed a spiny frog
  1152 | D        | Killed a seven-headed hydra
  1152 | D        | Reached ***** piety under Cheibriados
  1152 | D        | Reached XP level 9. HP: 40/65 MP: 12/12
  1156 | D        | Killed a spiny frog
  1156 | D        | Reached skill level 12 in Long Blades
  1156 | D        | Reached skill level 10 in Charms
  1156 | D        | Reached skill level 5 in Invocations
  1169 | D        | Reached ****** piety under Cheibriados
  1175 | D        | Killed a spiny frog
  1175 | D        | Reached XP level 10. HP: 33/72 MP: 15/15
  1347 | D        | Noticed a spiny frog
  1347 | D        | Noticed an elephant
  1370 | D        | Killed an elephant
  1370 | D        | Reached skill level 13 in Long Blades
  1376 | D        | Killed a spiny frog
  1390 | D        | Mangled by a blink frog

Vault maps used:
D:        linesprint

Skill      XL: |  1  2  3  4  5  6  7  8  9 10 |
---------------+-------------------------------+-----
Dodging        | 2 3 4 5 6 7 9 |  9.3
Long Blades    | 4 5 6 7 9 10 11 12 13 | 13.2
Charms         | 5 6 8 9 10 11 | 11.6
Armour         | 2 5 7 8 9 |  9.2
Invocations    | 4 7 8 |  8.7
Fighting       | |  2.0
Spellcasting   | |  2.0

Action                   |  1- 3 |  4- 6 |  7- 9 | 10-12 || total
-------------------------+-------+-------+-------+-------++-------
Melee: Falchion          |    35 |       |       |       ||    35
       Scimitar          |     8 |    17 |    39 |    36 ||   100
       Tailslap          |       |       |    10 |    19 ||    29
 Cast: Song of Slaying   |       |       |     1 |       ||     1
 Abil: Spit Poison       |     1 |     1 |     1 |     1 ||     4
Evoke: Wand              |     2 |     1 |     4 |       ||     7
  Use: Potion            |       |     2 |     3 |     1 ||     6
       Scroll            |       |       |     2 |       ||     2
 Stab: Invisible         |       |       |     5 |       ||     5
  Eat: Chunk             |       |       |     5 |       ||     5
Armor: Leather armour    |    22 |     5 |    11 |     6 ||    44
Dodge: Dodged            |    33 |    18 |    58 |    28 ||   137
       Rpst.: Falchion   |     7 |       |       |       ||     7
       Scimitar          |     2 |     6 |    10 |     5 ||    23

Table legend:
 A = Spawn XP
 B = Non-spawn XP
 C = Spawn XP percentage of total XP
 D = Spawn monster count
 E = Non-spawn monster count
 F = Spawn count percentage of total count
 G = Total turns spent on level
                    A         B        C        D         E        F      G
               +---------+---------+-------+---------+---------+-------+---------
         Total |       0 |    6840 |   0.0 |       0 |      39 |   0.0 |  1390
               +---------+---------+-------+---------+---------+-------+---------
             D |       0 |    6840 |   0.0 |       0 |      39 |   0.0 |  1390
               +---------+---------+-------+---------+---------+-------+---------
